 Dungeon Crawl Stone Soup version 0.31-a0-435-g2c6fae2916 (webtiles) character file.

Game seed: 10971314725907855869

55498 Grim the Severer (level 14, -10/129 HPs)
             Began as a Minotaur Berserker on Aug 1, 2023.
             Was a High Priest of Trog.
             Mangled by Urug
             ... wielding a +1 great sword of holy wrath
              (14 damage)
             ... while petrified by a catoblepas
             ... on level 4 of the Lair of Beasts.
             The game lasted 00:32:08 (18393 turns).

Grim the Severer (Minotaur Berserker)              Turns: 18393, Time: 00:32:09

Health: -10/129    AC: 15    Str: 40    XL:     14   Next: 38%
Magic:  13/13      EV:  2    Int: 11    God:    Trog [*****.]
Gold:   1750       SH:  0    Dex: 17    Spells: 13/13 levels left

rFire   . . .        a - +6 battleaxe of Orb Guardian's Bane {heavy, Str+5}
rCold   . . .        (shield currently unavailable)
rNeg    + + +        o - +7 toga "Victory" {*Victory Int+7 Slay+7 Clar}
rPois   ∞            S - +0 hat {Will+}
rElec   .            u - +1 cloak
rCorr   .            H - +0 pair of gloves {Str+3}
SInv    .            Q - +0 pair of boots
Will    ++++.        e - amulet of faith
Stlth   ++           G - +6 ring of dexterity
HPRegen 1.41/turn    M - +6 ring of strength
MPRegen 0.13/turn

%: clarity, faith
@: petrified, marked, strong-willed, regenerating, studying Short Blades
A: horns 2, retaliatory headbutt
a: Renounce Religion, Berserk, Trog's Hand, Brothers in Arms


You were on level 4 of the Lair of Beasts.
You worshipped Trog.
Trog was extremely pleased with you.
You visited 2 branches of the dungeon, and saw 19 of its levels.

You collected 1750 gold pieces.

Inventory:

Hand Weapons
 a - the +6 battleaxe of Orb Guardian's Bane (weapon) {heavy, Str+5}
   (Trog gifted it to you on level 3 of the Lair of Beasts)

   Str:       It affects your strength (+5).
 b - a +1 orcbow of flaming
 T - a +2 battleaxe
Armour
 o - the +7 toga "Victory" (worn) {*Victory Int+7 Slay+7 Clar}
   (You found it on level 3 of the Dungeon)

   *Victory:  When the wearer kills a threatening monster, it has a chance to
   gain +1 AC, +1 Slay, and +1 Int, capping at +7.
   When the wearer uses a scroll or a potion with a hostile monster in sight,
   its bonuses reset to +0.
   Unequipping it also resets its bonuses to +0.
   Int:       It affects your intelligence (+7).
   Slay:      It affects your accuracy & damage with ranged weapons and melee
   (+7).
   Clar:      It protects you from confusion, rage, mesmerisation and fear.
 u - a +1 cloak (worn)
 H - a +0 pair of gloves of strength (worn)
 Q - a +0 pair of boots (worn)
 S - a +0 hat of willpower (worn)
Jewellery
 e - an amulet of faith (around neck)
 B - an amulet of reflection
 E - an amulet of guardian spirit
 G - a +6 ring of dexterity (left hand)
 L - a ring of magical power
 M - a +6 ring of strength (right hand)
 P - a ring of flight
 U - a +6 ring of strength
Wands
 F - a wand of roots (19)
 K - a wand of mindburst (27)
 N - a wand of polymorph (4)
 R - a wand of digging (5)
 V - a wand of paralysis (7)
Scrolls
 c - 6 scrolls of torment {unknown}
 f - 3 scrolls of blinking {unknown}
 i - 4 scrolls of enchant armour {unknown}
 j - 2 scrolls of brand weapon {unknown}
 k - 2 scrolls of immolation {unknown}
 q - 6 scrolls of noise {unknown}
 r - 12 scrolls of identify
 w - 6 scrolls of poison
 x - 2 scrolls of fear {unknown}
 y - 2 scrolls of teleportation {unknown}
 A - 4 scrolls of enchant weapon {unknown}
 C - 2 scrolls of butterflies {unknown}
 I - 4 scrolls of revelation {unknown}
 J - 2 scrolls of fog {unknown}
 O - 2 scrolls of amnesia {unknown}
Potions
 d - 3 potions of haste {unknown}
 g - 4 potions of enlightenment {unknown}
 h - 3 potions of attraction {unknown}
 l - 9 potions of curing
 m - 3 potions of cancellation {unknown}
 n - 3 potions of resistance
 p - 2 potions of degeneration {unknown}
 s - 6 potions of heal wounds
 t - a potion of berserk rage {unknown}
 v - 3 potions of lignification {unknown}
 z - 2 potions of mutation {unknown}
 D - a potion of might {unknown}


   Skills:
 * Level 13.3 Fighting
 - Level 20.0 Axes
 - Level 10.0 Ranged Weapons
 + Level 11.5 Armour
 + Level 10.6 Dodging


You had 13 spell levels left.
You didn't know any spells.
Your spell library was empty.

Dungeon Overview and Level Annotations

Branches:
Dungeon (15/15)            Temple (0/1) D:6            Lair (4/5) D:10
 Shoals (0/4) Lair:2        Snake (0/4) Lair:2        Slime (0/5) Lair:4
    Orc (0/2) D:11         Vaults (0/5) D:14         Depths (0/4) D:15

Altars:
Ashenzari
Makhleb
Okawaru
Ru
Wu Jian

Shops:
D:12 (

Annotations:
Lair:4 Urug


Innate Abilities, Weirdness & Mutations

You have a pair of horns on your head.
You reflexively headbutt those who attack you in melee.


Message History

The blast of calcifying dust hits the elephant but does no damage.
The blast of calcifying dust hits your troll.
The elephant tramples you but does no damage.
The elephant trunk-slaps you but does no damage.
The elephant is engulfed in calcifying dust.
Urug hits you but does no damage.
The water moccasin bites you but does no damage.
You are engulfed in calcifying dust.
The bullfrog barely misses you. The water moccasin bites you.
* * * LOW HITPOINT WARNING * * *
Your troll is engulfed in calcifying dust.
Your troll stops moving altogether!
The water moccasin bites you but does no damage.
The bullfrog hits you.
* * * LOW HITPOINT WARNING * * *
The catoblepas breathes a plume of calcifying dust at you.
The blast of calcifying dust hits you.
* * * LOW HITPOINT WARNING * * *
The blast of calcifying dust hits the elephant!
The blast of calcifying dust hits your troll but does no damage.
An elephant comes into view.
The elephant is engulfed in calcifying dust.
Urug hits you with a +1 great sword of holy wrath!
* * * LOW HITPOINT WARNING * * *
The elephant tramples you but does no damage.
The elephant trunk-slaps you but does no damage.
The cane toad stings your troll!! The water moccasin bites you.
Your troll is engulfed in calcifying dust.
You are engulfed in calcifying dust.
The bullfrog barely misses you.
The water moccasin bites you but does no damage.
The water moccasin barely misses you. The cane toad stings your troll!
Your troll looks as sick as possible!
The cane toad poisons your troll! The elephant tramples you.
* * * LOW HITPOINT WARNING * * *
You hold your ground!
The elephant trunk-slaps you but does no damage.
The catoblepas gores you!!
* * * LOW HITPOINT WARNING * * *
Urug hits you with a +1 great sword of holy wrath!!
You die...

....# ## #....
P#P##...## .........#
.......§# #....§####
#..lFT##.### ..
##.YYY##...# ...
#.FS@FF...##...
#..SYoS....P.....
#...SS...........
#Y...................
..Y.........##.........
.Y.......#......###..P#.
.#....#>.#..............
##?..P..#..............
#...P.##P.............


You could see a catoblepas, 6 elephants, Urug, 2 cane toads, 5 water moccasins,
a wyvern, 2 bullfrogs and a friendly troll (summoned, berserk, petrified,
extremely poisoned).

Vanquished Creatures
  Gastronok (Lair:2)
  An entropy weaver (D:13)
  A vault guard (D:14)
  4 hydras
  A catoblepas (D:15)
  2 centaur warriors
  Erica (Lair:2)
  3 two-headed ogres
  7 tengu warriors
  3 skeletal warriors (D:13)
  A skyshark (Lair:2)
  Amaemon (Lair:2)
  An orc knight (D:15)
  A deep elf zephyrmancer (D:15)
  4 harpies (D:15)
  2 deep elf pyromancers
  An oklob plant (D:10)
  5 ugly things
  4 manticores
  An orc sorcerer (D:15)
  A centaur zombie (D:15)
  3 cyclopes
  A salamander (Lair:2)
  6 elephants (Lair:3)
  2 black mambas
  An orange demon (Lair:2)
  2 gargoyles
  5 cane toads
  2 centaur skeletons (D:15)
  An unseen horror (D:12)
  5 rime drakes
  Maggie (D:6)
  3 kobold demonologists
  Psyche (D:9)
  5 komodo dragons
  An efreet (D:15)
  A wind drake (Lair:2)
  4 trolls
  Prince Ribbit (D:9)
  5 blink frogs (Lair:3)
  A vampire (D:9)
  4 slime creatures
  8 wyverns
  6 basilisks
  26 yaks
  3 steam dragons
  3 vampire mosquitoes (D:13)
  3 acid dragons
  2 nagas (Lair:2)
  8 water moccasins
  2 hell hounds (D:15)
  2 sky beasts
  3 black bears
  2 orc warriors
  5 ice beasts
  An ogre (D:4)
  7 wolves
  10 centaurs
  3 kobold brigands
  14 bullfrogs
  6 scorpions
  2 gnoll sergeants
  5 wights (D:8)
  17 killer bees
  3 electric eels (Lair:3)
  3 howler monkeys
  5 hounds
  14 jellies
  5 orc priests
  Crazy Yiuf (D:3)
  A sleepcap (D:4)
  A boggart zombie (D:15)
  3 iguanas (D:5)
  9 orc wizards
  3 hell rats (D:15)
  7 gnolls
  8 adders
  A shadow imp (D:5)
  A white imp (D:6)
  3 ufetubi (D:6)
  2 worms (D:4)
  2 dart slugs
  24 orcs
  9 ball pythons
  10 endoplasms
  3 giant cockroaches
  7 hobgoblins
  3 jackals (D:2)
  4 quokkas
  9 bats
  5 frilled lizards
  8 goblins
  22 kobolds
  6 rats
421 creatures vanquished.

Vanquished Creatures (collateral kills)
  A boulder beetle (D:15)
  A skeletal warrior (D:13)
  2 deep elf pyromancers (D:15)
  A necromancer (D:15)
  A kobold demonologist (D:12)
  A rime drake (D:15)
  An orc warrior (D:15)
  An ogre (D:15)
  An orc priest (D:15)
  A hell rat (D:15)
  An orc (D:15)
  2 kobolds (D:12)
14 creatures vanquished.

Vanquished Creatures (others)
  A basilisk (D:15)
  An acid dragon (D:9)
2 creatures vanquished.

Grand Total: 437 creatures vanquished

Notes
Turn   | Place    | Note
-------+----------+-------------------------------------------
     0 | D:1      | Grim the Minotaur Berserker began the quest for the Orb.
     0 | D:1      | Reached XP level 1. HP: 19/19 MP: 0/0
    80 | D:1      | Reached skill level 4 in Axes
   111 | D:1      | Reached XP level 2. HP: 12/26 MP: 1/1
   364 | D:1      | Reached skill level 5 in Axes
   415 | D:1      | Reached XP level 3. HP: 31/31 MP: 2/2
   482 | D:1      | Reached ** piety under Trog
  1726 | D:3      | Reached XP level 4. HP: 39/39 MP: 3/3
  1729 | D:3      | Reached skill level 6 in Axes
  1729 | D:3      | Reached skill level 1 in Ranged Weapons
  1837 | D:3      | Found the +0 toga "Victory" {*Victory Clar}
  2296 | D:3      | Found a runed translucent door.
  2297 | D:3      | Noticed Crazy Yiuf
  2377 | D:3      | Reached XP level 5. HP: 45/45 MP: 4/4
  2647 | D:3      | Killed Crazy Yiuf
  2759 | D:4      | Noticed a black bear
  2766 | D:4      | Killed a black bear
  2767 | D:4      | Reached skill level 7 in Axes
  2767 | D:4      | Reached XP level 6. HP: 51/51 MP: 5/5
  3159 | D:4      | Noticed an ice beast
  3174 | D:4      | Killed an ice beast
  3457 | D:4      | Reached XP level 7. HP: 57/57 MP: 6/6
  3643 | D:4      | Reached skill level 8 in Axes
  3669 | D:4      | Reached skill level 5 in Ranged Weapons
  4044 | D:5      | Entered Level 5 of the Dungeon
  4168 | D:5      | Reached *** piety under Trog
  4382 | D:5      | Reached skill level 9 in Axes
  4571 | D:5      | Reached skill level 5 in Fighting
  4586 | D:5      | Reached XP level 8. HP: 68/68 MP: 7/7
  4719 | D:5      | Reached skill level 10 in Axes
  5300 | D:6      | Noticed Maggie
  5307 | D:6      | Killed Maggie
  5308 | D:6      | Reached skill level 11 in Axes
  5557 | D:6      | Reached **** piety under Trog
  5585 | D:6      | Found a staircase to the Ecumenical Temple.
  5594 | D:6      | Reached XP level 9. HP: 66/79 MP: 8/8
  5797 | D:6      | Reached skill level 12 in Axes
  6146 | D:7      | Noticed a gargoyle
  6151 | D:7      | Killed a gargoyle
  6285 | D:7      | Reached skill level 13 in Axes
  6877 | D:8      | Found a sacrificial altar of Ru.
  6878 | D:8      | Found an iron altar of Okawaru.
  6878 | D:8      | Found a broken altar of Ashenzari.
  6882 | D:8      | Found a burning altar of Makhleb.
  7189 | D:8      | Reached skill level 14 in Axes
  7196 | D:8      | Reached XP level 10. HP: 91/91 MP: 9/9
  7425 | D:8      | Identified the +0 sling "Naluq" {flame, rElec rC+ Str+3}
  7932 | D:9      | Reached skill level 10 in Fighting
  7971 | D:9      | Reached skill level 15 in Axes
  8260 | D:9      | Noticed Prince Ribbit
  8269 | D:9      | Killed Prince Ribbit
  8521 | D:9      | Noticed Psyche
  8676 | D:9      | Killed Psyche
  9012 | D:10     | Entered Level 10 of the Dungeon
  9025 | D:9      | Reached ***** piety under Trog
  9030 | D:10     | Reached skill level 16 in Axes
  9609 | D:10     | Noticed an oklob plant
  9612 | D:10     | Found a staircase to the Lair.
  9631 | D:10     | Killed an oklob plant
  9632 | D:10     | Reached XP level 11. HP: 102/102 MP: 10/10
 10044 | D:11     | Noticed a two-headed ogre
 10052 | D:11     | Killed a two-headed ogre
 10777 | D:11     | Found a staircase to the Orcish Mines.
 10807 | D:11     | Noticed a two-headed ogre
 10812 | D:11     | Killed a two-headed ogre
 10813 | D:11     | Reached skill level 5 in Armour
 11179 | D:12     | Reached skill level 5 in Dodging
 11244 | D:12     | Noticed a deep elf pyromancer
 11251 | D:12     | Killed a deep elf pyromancer
 11336 | D:12     | Noticed a purple ugly thing
 11342 | D:12     | Killed a purple ugly thing
 11670 | D:12     | Noticed a two-headed ogre
 11675 | D:12     | HP: 6/153 [two-headed ogre/+0 giant spiked club (6)]
 11676 | D:12     | Killed a two-headed ogre
 11677 | D:12     | Reached skill level 17 in Axes
 11937 | D:12     | Noticed a green ugly thing
 11944 | D:12     | Killed a green ugly thing
 12110 | D:12     | Found Nahaili's Weapon Shoppe.
 12423 | D:13     | Noticed a centaur warrior
 12430 | D:13     | Killed a centaur warrior
 12619 | D:13     | Noticed a tengu warrior
 12620 | D:13     | Noticed a tengu warrior
 12662 | D:13     | Killed a tengu warrior
 12663 | D:13     | Reached XP level 12. HP: 85/110 MP: 11/11
 12843 | D:13     | Killed a tengu warrior
 12978 | D:13     | HP: 3/110 [skeletal warrior/+0 flail (15)]
 13339 | D:13     | Noticed a tengu warrior
 13351 | D:13     | Killed a tengu warrior
 13801 | D:14     | Noticed an entropy weaver
 13803 | D:14     | Noticed a vault guard
 13810 | D:13     | Killed an entropy weaver
 13859 | D:14     | Killed a vault guard
 13860 | D:14     | Reached skill level 10 in Armour
 13967 | D:14     | Found a gate to the Vaults.
 14027 | D:14     | You fall into a shaft and drop 1 floor!
 14027 | D:15     | Entered Level 15 of the Dungeon
 14274 | D:15     | Noticed a tengu warrior
 14296 | D:15     | Killed a tengu warrior
 14325 | D:15     | Found an ornate altar of the Wu Jian Council.
 14332 | D:15     | Reached skill level 10 in Dodging
 14344 | D:15     | Noticed a tengu warrior
 14358 | D:15     | Killed a tengu warrior
 14383 | D:15     | Noticed a tengu warrior
 14393 | D:15     | Killed a tengu warrior
 14408 | D:15     | Noticed a tengu warrior
 14417 | D:15     | Killed a tengu warrior
 14418 | D:15     | Reached skill level 18 in Axes
 14568 | D:15     | Reached XP level 13. HP: 84/116 MP: 12/12
 14640 | D:15     | Reached skill level 19 in Axes
 15219 | D:15     | Found a staircase to the Depths.
 15368 | Lair:1   | Entered Level 1 of the Lair of Beasts
 16064 | Lair:2   | Noticed Erica
 16074 | Lair:2   | Killed Erica
 16111 | Lair:2   | Noticed Gastronok
 16122 | Lair:2   | Killed Gastronok
 16176 | Lair:2   | Reached skill level 10 in Ranged Weapons
 16268 | Lair:2   | Found a staircase to the Shoals.
 16418 | Lair:2   | Found a staircase to the Snake Pit.
 16477 | Lair:2   | Noticed Amaemon
 16489 | Lair:2   | Killed Amaemon
 17125 | Lair:3   | Identified the +6 battleaxe of Orb Guardian's Bane {heavy,
                  | Str+5} (Trog gifted it to you on level 3 of the Lair of
                  | Beasts)
 17125 | Lair:3   | Received a gift from Trog
 17150 | Lair:3   | Reached XP level 14. HP: 125/125 MP: 13/13
 17275 | Lair:3   | Reached skill level 20 in Axes
 18194 | Lair:4   | Found a staircase to the Slime Pits.
 18380 | Lair:4   | Noticed Urug
 18393 | Lair:4   | HP: 4/129 [catoblepas (10)]
 18393 | Lair:4   | Mangled by Urug

Illustrated notes

Levels and vault maps discovered:
D:1:      dpeg_arrival_pond, layout_loops_ring
D:2:      layout_basic
D:3:      layout_loops_ring, uniq_crazy_yiuf_cottage
D:4:      layout_loops_corners
D:5:      layout_basic
D:6:      minmay_chambers_of_fours, layout_layer_cave,
          minmay_temple_entry_gardened_gates, minmay_liquid_box, uniq_maggie
D:7:      layout_basic, st_stairs_1, minmay_misc_feat_secret_circle
D:8:      layout_loops_ring, grunt_temple_overflow_open, hangedman_glass_teeth
D:9:      layout_cave_pools, uniq_prince_ribbit1, uniq_psyche
D:10:     layout_cross, dpeg_oklobed_lair
D:11:     layout_loops_ring, orc_0_dummy, minivault_23
D:12:     layout_irregular_city, serial_shops, nicolae_shop_peninsula
D:13:     layout_stronghold
D:14:     layout_cave_pods, hellmonk_vaults_order_and_chaos,
          nicolae_concentric_dashed_squares_mild, nicolae_looking_at_the_future
D:15:     grunt_enter_depths_magical_seal, layout_cave_pools, special_room
          [special_room_mythical_zoo], nicolae_wu_jian_immortal_techniques,
          hangedman_aviary
Lair:1:   layout_regular_city
Lair:2:   layout_chaotic_city, minmay_shoals_entry_beasts,
          alex1729_snake_entry_snake, uniq_gastronok, uniq_amaemon, uniq_erica
Lair:3:   layout_roguey, serial_bayou_shore_b, grunt_megastairs_5,
          serial_bayou_shore_b, serial_bayou_shore_b, serial_bayou_shore_b
Lair:4:   layout_gridlike, minmay_slime_entry_jelly_boxes, serial_bayou_shore_a,
          uniq_urug

Skill      XL: |  1  2  3  4  5  6  7  8  9 10 11 12 13 14 |
---------------+-------------------------------------------+-----
Axes           | 4 5 6 7 9 11 14 16 17 18 19 20 | 20.0
Ranged Weapons | 2 3 4 5 6 10 | 10.0
Fighting       | 5 7 9 11 13 | 13.3
Armour         | 8 10 11 | 11.5
Dodging        | 7 10 | 10.6

Action                     |  1- 3 |  4- 6 |  7- 9 | 10-12 | 13-15 || total
---------------------------+-------+-------+-------+-------+-------++-------
  Melee: Hand axe          |    91 |    75 |   226 |    20 |       ||   412
         Headbutt          |     8 |     6 |    42 |    67 |    28 ||   151
         Punch             |       |     2 |     3 |       |       ||     5
         Battleaxe         |       |       |       |   253 |   142 ||   395
   Fire: Sling             |    23 |     2 |     2 |       |       ||    27
         Orcbow            |       |       |       |       |   240 ||   240
 Invoke: Berserk           |     2 |     5 |     5 |    10 |     2 ||    24
         Trog's Hand       |     1 |       |     2 |     3 |     6 ||    12
         Brothers in Arms  |       |       |       |     2 |     5 ||     7
    Use: Scroll            |       |       |     4 |       |       ||     4
   Stab: Sleeping          |       |     1 |     1 |     2 |       ||     4
 Armour: Animal skin       |    22 |     3 |       |       |       ||    25
         Robe              |       |     9 |    78 |   145 |   107 ||   339
  Dodge: Dodged            |    74 |    41 |   111 |   201 |   161 ||   588

Table legend: (Time is in decaauts)
 A = Elapsed time spent in this place.
 B = Non-inter-level travel time spent in this place.
 C = Inter-level travel time spent in this place.
 D = Time resting spent in this place.
 E = Time spent auto-exploring this place.
 F = Levels seen in this place.
 G = Mean time per level.
                   A        B        C        D        E       F      G
               +--------+--------+--------+--------+--------+-----+--------+
         Total |  18491 |  17895 |    596 |   4792 |  10656 |  19 |  973.2 |
       Dungeon |  15474 |  14967 |    507 |   4636 |   8406 |  15 | 1031.6 |
          Lair |   3016 |   2928 |     88 |    156 |   2250 |   4 |  754.0 |
               +--------+--------+--------+--------+--------+-----+--------+

Top non-repeatable levels by time:
     D:8: 1503 daAuts
    D:12: 1485 daAuts
     D:4: 1358 daAuts
    D:15: 1266 daAuts
    D:13: 1238 daAuts
    D:11: 1208 daAuts
  Lair:2: 1068 daAuts
     D:5: 1065 daAuts
     D:3: 1015 daAuts
  Lair:3: 979 daAuts
     D:9: 943 daAuts
     D:1: 921 daAuts
     D:6: 903 daAuts
     D:7: 823 daAuts
     D:2: 807 daAuts
